 Dungeon Crawl Stone Soup version 0.32-a0-887-g7c90f28 (webtiles) character file.

Game seed: 6683981303868176100

18967673 Wizard1ke the Ant-At-Arms (level 27, 273/273 HPs)
             Began as a Formicid Hexslinger on Apr 2, 2024.
             Was a Believer of Okawaru.
             Escaped with the Orb
             ... and 15 runes
             ... and 1 gem!
             The game lasted 03:50:35 (81336 turns).

Wizard1ke the Ant-At-Arms (Formicid Hexslinger)    Turns: 81336, Time: 03:50:35

Health: 273/273    AC: 23    Str: 15    XL:     27
Magic:  39/49      EV: 49    Int: 10    God:    Okawaru [**....]
Gold:   10741      SH: 41    Dex: 43    Spells: 18/28 levels left

rFire   + . .        O - +8 storm bow {elec, penet}
rCold   + + +        s - +8 tower shield
rNeg    + + +        c - +3 ring mail "Gemmiti" {*Slow rElec Dex+6 Stlth+}
rPois   ∞            (helmet unavailable)
rElec   +            Q - +1 cloak of Dithmenos's Esteem {rElec rPois Int-5 Slay+5}
rCorr   .            k - +3 pair of gauntlets of War {Slay+5}
SInv    +            E - +2 pair of boots
Will    ++++.        (no amulet)
Stlth   +++          Z - ring "Utou" {rC+ Dex+5 Stlth+}
HPRegen 0.65/turn    a - ring "Maschecs" {*Corrode rF+ rC+ Dex+6 Slay+6}
MPRegen 0.31/turn

%: corrode self (3%), slow self (1%)
@: death-form, heroic, finesse-ful, studying 2 skills
A: vile attack, torment immunity, no potions, permanent stasis, dig shafts and
tunnels, antennae 3, four strong arms, strong-willed 1, robust 1, MP-powered
wands
0: Orb of Zot
}: 15/15 runes: serpentine, barnacled, slimy, silver, golden, iron, obsidian,
icy, bone, abyssal, demonic, glowing, magical, fiery, dark
a: Dig, Shaft Self, Siphon Essence, Begin Untransformation, Renounce Religion,
Heroism


You escaped.
You worshipped Okawaru.
Okawaru was pleased with you.
You were an undying horror.
You visited 18 branches of the dungeon, and saw 88 of its levels.
You visited Pandemonium 1 time, and saw 22 of its levels.
You visited the Abyss 1 time.
You also visited: Trove, Volcano and Desolation.

You collected 14131 gold pieces.
You spent 3390 gold pieces at shops.

Inventory:

Hand Weapons
 J - the +8 longbow of Deformation {heavy, Str-3 Int+3 Dex+4}
   (Okawaru gifted it to you on level 5 of the Lair of Beasts)

   Str-3:     It affects your strength (-3).
   Int+3:     It affects your intelligence (+3).
   Dex+4:     It affects your dexterity (+4).
 L - a +9 triple crossbow of freezing
 O - the +8 storm bow (weapon) {elec, penet}
   (You found it on level 3 of the Depths)
Missiles
 P - 28 curare-tipped darts
 R - 6 throwing nets
Armour
 c - the +3 ring mail "Gemmiti" (worn) {*Slow rElec Dex+6 Stlth+}
   (You found it on level 10 of the Dungeon)

   Dex+6:     It affects your dexterity (+6).
   rElec:     It insulates you from electricity.
   *Slow:     It may slow you when you take damage.
   Stlth+:    It makes you more stealthy.
 k - the +3 pair of gauntlets of War (worn) {Slay+5}
   (Okawaru gifted it to you on level 12 of the Dungeon)

   Slay+5:    It affects your accuracy & damage with ranged weapons and melee
   (+5).
 s - a +8 tower shield (worn)
 E - a +2 pair of boots (worn)
 Q - the +1 cloak of Dithmenos's Esteem (worn) {rElec rPois Int-5 Slay+5}
   (You bought it in a shop on level 2 of the Dungeon)

   Int-5:     It affects your intelligence (-5).
   Slay+5:    It affects your accuracy & damage with ranged weapons and melee
   (+5).
   rElec:     It insulates you from electricity.
   rPois:     It protects you from poison.
Jewellery
 a - the ring "Maschecs" (right hand) {*Corrode rF+ rC+ Dex+6 Slay+6}
   (You found it in a treasure trove)

   [ring of protection from fire]

   Dex+6:     It affects your dexterity (+6).
   Slay+6:    It affects your accuracy & damage with ranged weapons and melee
   (+6).
   rF+:       It protects you from fire.
   rC+:       It protects you from cold.
   *Corrode:  It may corrode you when you take damage.
 f - the ring of Kyeniwn {Fly rC+ Str+3}
   (You found it in the Desolation of Salt)

   [ring of protection from cold]

   Str+3:     It affects your strength (+3).
   rC+:       It protects you from cold.
   Fly:       It grants you flight.
 r - an amulet of faith
 v - a ring of the Octopus King {Fly HP+2 AC+2 EV+2 SH+2}
   (You found it in the Desolation of Salt)

   [ring of flight]

   AC+2:      It affects your AC (+2).
   EV+2:      It affects your evasion (+2).
   HP+2:      It affects your health (+2).
   Fly:       It grants you flight.
   SH+2:      It affects your SH (+2).
 x - the ring "Poenuot" {rPois rF+ Int+6}
   (You found it on level 3 of the Tomb of the Ancients)

   [ring of intelligence]

   Int+6:     It affects your intelligence (+6).
   rF+:       It protects you from fire.
   rPois:     It protects you from poison.
 M - the amulet "Kezoxih" {rF+ Regen+}
   (You bought it in a shop on level 2 of the Orcish Mines)

   [amulet of regeneration]

   rF+:       It protects you from fire.
   Regen+:    It increases your rate of health regeneration.
 V - a ring of resist corrosion
 W - a +6 ring of dexterity
 Z - the ring "Utou" (left hand) {rC+ Dex+5 Stlth+}
   (You found it on level 4 of the Realm of Zot)

   [ring of protection from cold]

   Dex+5:     It affects your dexterity (+5).
   rC+:       It protects you from cold.
   Stlth+:    It makes you more stealthy.
Talismans
 y - a talisman of death
 F - the death talisman of Salvation (active) {MP+9 Stlth+}
   (You found it on level 7 of Cocytus)

   [talisman of death]

   MP+9:      It affects your magic capacity (+9).
   Stlth+:    It makes you more stealthy.
Wands
 n - a wand of mindburst (66)
 u - a wand of polymorph (36)
 D - a wand of digging (20)
 G - a wand of flame (175)
 N - a wand of light (23)
 S - a wand of paralysis (47)
 U - a wand of warping (67)
Scrolls
 b - 14 scrolls of poison
 g - 3 scrolls of revelation
 p - 12 scrolls of immolation
 t - 13 scrolls of fear
 w - 11 scrolls of fog
 z - 5 scrolls of silence {!r}
 A - 2 scrolls of enchant armour
 Y - 8 scrolls of vulnerability
Potions
 d - 11 potions of heal wounds
 e - 10 potions of brilliance
 h - 6 potions of mutation
 i - 32 potions of curing
 l - 8 potions of magic
 m - 6 potions of invisibility
 o - 6 potions of cancellation
 q - 13 potions of resistance
 C - 14 potions of lignification
 H - 11 potions of might
 K - 6 potions of enlightenment
 T - 8 potions of ambrosia
 X - 9 potions of attraction
Miscellaneous
 j - a figurine of a ziggurat
 B - a Gell's gravitambourine (inert)
 I - a lightning rod (4/4)


   Skills:
 O Level 27 Fighting
 O Level 27 Ranged Weapons
 + Level 12.7(17.7) Armour
 O Level 27 Dodging
 O Level 27 Shields
 - Level 1.1 Spellcasting
 - Level 15.0 Hexes
 - Level 1.0 Fire Magic
 - Level 15.0 Alchemy
 O Level 27 Invocations
 - Level 22.0 Evocations
 - Level 23.0 Shapeshifting


You had 18 spell levels left.
You knew the following spells:

 Your Spells              Type           Power      Damage    Failure   Level
a - Yara's Violent Unrav  Hex/Alch       15%        3d8       3%          5
b - Apportation           Tloc           0%         N/A       45%         1
c - Cause Fear            Hex            15%        N/A       1%          4

Your spell library contained the following spells:

 Spells                   Type           Power      Damage    Failure   Level
 Jinxbite                 Hex            60%        N/A       1%          2
 Confusing Touch          Hex            30%        N/A       1%          3
 Sigil of Binding         Hex            30%        N/A       1%          3
 Olgreb's Toxic Radiance  Alch           30%        N/A       1%          4
 Ensorcelled Hibernation  Hex/Ice        30%        N/A       3%          2
 Mercury Vapours          Alch/Air       30%        N/A       3%          2
 Alistair's Intoxication  Alch           20%        N/A       3%          5
 Inner Flame              Hex/Fire       16%        N/A       6%          3
 Dazzling Flash           Conj/Hex       30%        N/A       7%          3
 Cigotuvi's Dreadful Rot  Necr/Alch/Air  20%        N/A       10%         2
 Eringya's Noxious Bog    Alch           15%        4d6       17%         6
 Ignite Poison            Fire/Alch      16%        N/A       19%         4
 Sticky Flame             Fire/Alch      16%        2d5       19%         4
 Mephitic Cloud           Conj/Alch/Air  10%        N/A       21%         3
 Anguish                  Hex/Necr       7%         N/A       24%         4
 Dimensional Bullseye     Hex/Tloc       7%         N/A       24%         4
 Fulminant Prism          Conj/Alch      7%         3d7       24%         4
 Leda's Liquefaction      Alch/Erth      7%         N/A       24%         4
 Petrify                  Alch/Erth      15%        N/A       24%         4
 Foxfire                  Conj/Fire      4%         2x1d4     38%         1
 Freeze                   Ice            0%         1d3       45%         1
 Kiss of Death            Conj/Necr      0%         2d5       45%         1
 Magic Dart               Conj           0%         1d3       45%         1
 Necrotise                Necr           0%         1d4       45%         1
 Sandblast                Erth           0%         2d4       45%         1
 Shock                    Conj/Air       0%         1d3       45%         1
 Irradiate                Conj/Alch      7%         3d14      54%         5
 Metabolic Englaciation   Hex/Ice        7%         N/A       54%         5
 Silence                  Hex/Air        7%         N/A       54%         5
 Lesser Beckoning         Tloc           0%         N/A       61%         2
 Momentum Strike          Conj/Tloc      0%         3d8       61%         2
 Searing Ray              Conj           0%         2d4       61%         2
 Static Discharge         Conj/Air       0%         3-3/arc   61%         2
 Sublimation of Blood     Necr           0%         N/A       61%         2
 Enfeeble                 Hex            15%        N/A       67%         7
 Volatile Blastmotes      Fire/Tloc      2%         2d10      77%         3
 Frozen Ramparts          Ice            0%         1d1       83%         3
 Fugue of the Fallen      Necr           0%         N/A       83%         3
 Hailstorm                Conj/Ice       0%         3d5       83%         3
 Ozocubu's Armour         Ice            0%         N/A       83%         3
 Passwall                 Erth           0%         N/A       83%         3
 Stone Arrow              Conj/Erth      0%         3d7       83%         3
 Teleport Other           Tloc           0%         N/A       83%         3
 Vampiric Draining        Necr           0%         2d6       83%         3
 Airstrike                Air            0%         2d(0-16)  99%         4
 Brom's Barrelling Bould  Conj/Erth      0%         2d3       99%         4
 Dispel Undead            Necr           0%         3d6       99%         4
 Flame Wave               Conj/Fire      1%         2d4       99%         4
 Passage of Golubria      Tloc           0%         N/A       99%         4
 Arcjolt                  Conj/Air       0%         1d10      100%        5
 Borgnjor's Vile Clutch   Necr/Erth      0%         N/A       100%        5
 Curse of Agony           Necr           0%         N/A       100%        5
 Fireball                 Conj/Fire      0%         3d3       100%        5
 Freezing Cloud           Conj/Ice/Air   0%         6-21      100%        5
 Iskenderun's Battlesphe  Conj           0%         2d6       100%        5
 Lee's Rapid Deconstruct  Erth           0%         3d4*      100%        5
 Conjure Ball Lightning   Conj/Air       0%         3x3d6     100%        6
 Dispersal                Tloc           0%         N/A       100%        6
 Permafrost Eruption      Ice/Erth       0%         2x4d1     100%        6
 Plasma Beam              Fire/Air       0%         2x1d10    100%        6
 Manifold Assault         Tloc           0%         N/A       100%        7
 Orb of Destruction       Conj           0%         9d5       100%        7
 Ozocubu's Refrigeration  Ice            0%         4d7       100%        7
 Discord                  Hex            15%        N/A       100%        8
 Ignition                 Fire           1%         3d3       100%        8
 Maxwell's Capacitive Co  Air            0%         ∞         100%        8
 Chain Lightning          Conj/Air       0%         N/A       100%        9
 Fire Storm               Conj/Fire      0%         6d1       100%        9
 Shatter                  Erth           0%         3d5*      100%        9
 Tukima's Dance           Hex            Unusable   N/A       N/A         3
 Summon Mana Viper        Hex/Summ       Unusable   N/A       N/A         5
 Blink                    Tloc           Unusable   N/A       N/A         2
 Call Imp                 Summ           Unusable   N/A       N/A         2
 Call Canine Familiar     Summ           Unusable   N/A       N/A         3
 Maxwell's Portable Pile  Tloc           Unusable   2d(5-13)  N/A         3
 Swiftness                Air            Unusable   N/A       N/A         3
 Animate Armour           Summ/Erth      Unusable   N/A       N/A         4
 Animate Dead             Necr           Unusable   N/A       N/A         4
 Martyr's Knell           Necr/Summ      Unusable   N/A       N/A         4
 Summon Blazeheart Golem  Fire/Summ      Unusable   N/A       N/A         4
 Summon Lightning Spire   Summ/Air       Unusable   N/A       N/A         4
 Vhi's Electric Charge    Tloc/Air       Unusable   N/A       N/A         4
 Summon Forest            Summ/Tloc      Unusable   N/A       N/A         5
 Death Channel            Necr           Unusable   N/A       N/A         6
 Summon Cactus Giant      Summ           Unusable   N/A       N/A         6
 Haunt                    Necr/Summ      Unusable   N/A       N/A         7

Dungeon Overview and Level Annotations

Branches:
Dungeon (15/15)            Temple (1/1) D:7            Lair (5/5) D:11
 Shoals (4/4) Lair:3        Snake (4/4) Lair:3        Slime (5/5) Lair:4
    Orc (2/2) D:11            Elf (3/3) Orc:2        Vaults (5/5) D:14
  Crypt (3/3) Vaults:3       Tomb (3/3) Crypt:3      Depths (4/4) D:15
   Hell (visited)             Dis (7/7) Hell            Geh (7/7) Hell
    Coc (7/7) Hell            Tar (7/7) Hell            Zot (5/5) Depths:4
Volcano (visited)         Desolation (visited)

Altars:
Ashenzari
Cheibriados
Dithmenos
Elyvilon
Fedhas
Gozag
Hepliaklqana
Kikubaaqudgha
Makhleb
Nemelex Xobeh
Okawaru
Qazlal
Ru
Sif Muna
Trog
Uskayaw
Vehumet
Wu Jian
Xom
Yredelemnul
Zin
The Shining One
Jiyva
Lugonu

Shops:
D:2 [   D:4 *   D:13 **   D:14 :   Orc:2 ===[   Elf:1 :   Elf:3 :*   Shoals:1 *
Snake:4 =??   Vaults:1 ([   Vaults:2 !   Vaults:3 !   Depths:2 [?([!

Portals:
Hell: Depths:1 Depths:2 Depths:3 Depths:4
Abyss: Depths:2 Depths:3 Depths:4
Pandemonium: Depths:1 Depths:2
Ziggurat: Depths:3

Annotations:
D:2 1 runed translucent door, exclusion: door, Crazy Yiuf
D:9 exclusion: downstairs
D:13 3 runed translucent doors, exclusion: 3 doors, uuddlrlrba's ghost, journeyman SpAl
Lair:3 1 runed translucent door, exclusion: door, rotlqkf's ghost, journeyman OpSh
Snake:2 Roxanne
Elf:3 36 runed translucent doors, exclusion: 36 doors
Vaults:5 !vaults warning
Depths:3 exclusions: dread lich and 3 more exclusions
Zot:1 3 runed translucent doors, exclusion: 3 doors, Obamn's ghost, legendary FoAl; Plog's ghost, master TrFi
Zot:4 3 runed translucent doors, exclusion: 3 doors, Bisin's ghost, master TrFi


Innate Abilities, Weirdness & Mutations

You are an undying horror.
Your melee and unarmed attacks drain, slow and weaken victims.
You are immune to unholy pain and torment.
You cannot drink.
You are immune to poison.
You cannot be hasted, slowed, berserked, paralysed or teleported.
You can dig through walls and to a lower floor.
You have a pair of large antennae on your head. (SInv)
Your four strong arms can wield two-handed weapons with a shield.
You are strong-willed. (Will+)
You are robust. (+10% HP)
You expend magic power (3 MP) to strengthen your wands.


Message History

Fire: O) +8 storm bow {elec, penet}
Press: ? - help, Shift-Dir - straight line, f/p - Brimstone Fiend
Aim: a Brimstone Fiend (almost dead, 90% to hit)
You shoot an arrow.
The arrow pierces through the Brimstone Fiend!
You kill the Brimstone Fiend!
Okawaru accepts your kill. Okawaru grants you throwing weapons!
Something appears at your feet!
You shoot an arrow.
The arrow pierces through the hellwing!!
The hellwing is heavily wounded.
You shoot an arrow. The arrow pierces through the hellwing.
The hellwing is severely wounded.
You shoot an arrow.
The arrow pierces through the hellwing!!!
You kill the hellwing!
Okawaru accepts your kill.
No target in view!
Really put on
r - an amulet of faith?
You start putting on your amulet.
You continue putting on your amulet of faith. x5
You finish putting on your amulet of faith.
You feel a surge of divine interest.
r - an amulet of faith (around neck) Really remove
r - an amulet of faith?
You start removing your amulet.
You continue removing your amulet of faith. x4
You finish removing your amulet of faith.
Okawaru seems less interested in you.
You feel less pious.
You can no longer enter into single combat with a foe.
Okawaru will no longer gift you throwing weapons.
You gain the combat prowess of a mighty hero.
You feel more confident with your borrowed prowess.
You feel more confident with your borrowed prowess.
You feel more confident with your borrowed prowess.
You feel more confident with your borrowed prowess.
You feel more confident with your borrowed prowess.
Okay, then.
You have escaped!

...##..........##.............# #
..##>....##....##....##.......###
.........##..........##.........#
..........................##.....
.....##...................##.....
.....##.........................#
................................#
##..............>...........##..#
....##..........z...........##..#
##..##..........................#
##..............................#
...........................##...#
##....##...................##...#
#....##........................#
#.........##..........##........
###.......##....##....##.....##.
##............##..............


There were no monsters in sight!

Vanquished Creatures
  Cerebov (Pan)
  Antaeus (Coc:7)
  Asmodeus (Geh:7)
  the Royal Jelly (Slime:5)
  Ereshkigal (Tar:7)
  Lom Lobon (Pan)
  Gloorx Vloq (Pan)
  9 pandemonium lords
  the Serpent of Hell (Tar:7)
  Mnoleg (Pan)
  Dispater (Dis:7)
  Tiamat (Zot:4)
  6 dread liches
  5 ancient liches
  Khufu (Tomb:3)
  4 orbs of fire
  3 juggernauts (Dis:7)
  Xtahua (Crypt:3)
  Josephina (Crypt:1)
  29 royal mummies
  Boris (twice) (Depths:2 Tomb:3)
  6 Killer Klowns
  Parghit (Depths:4)
  15 shard shrikes
  10 curse toes
  6 caustic shrikes
  Geryon (Hell)
  10 golden dragons
  Jory (Crypt:3)
  17 profane servitors
  Nikola (Shoals:1)
  12 bone dragons
  Norris (Elf:3)
  18 Brimstone Fiends
  5 electric golems
  6 doom hounds
  4 iron giants
  12 Tzitzimimeh
  5 hellephants
  21 tentacled monstrosities
  27 Ice Fiends
  20 Hell Sentinels
  Jorgrun (D:15)
  3 deep elf blademasters
  27 Orb Guardians
  Asterion (Snake:1)
  12 tainted leviathans
  4 liches
  5 quicksilver dragons
  A walking earthen tome (Depths:1)
  2 deep elf master archers (Elf:3)
  10 titans
  7 tentacled starspawn (Abyss:4)
  14 searing wretches
  17 acid blobs
  2 eldritch tentacles
  A kraken (Shoals:3)
  27 ancient champions
  10 death cobs
  18 Executioners
  9 sphinxes
  5 tengu reavers
  Aizul (Snake:1)
  13 shadow dragons
  4 revenants
  Donald (Snake:3)
  13 storm dragons
  11 demonspawn warmongers
  6 nagarajas
  17 fire giants
  Ilsuiw (Shoals:3)
  2 fenstrider witches (Pan)
  6 draconian monks
  7 rockslimes
  7 frost giants
  28 vault wardens
  2 emperor scorpions (Pan)
  15 protean progenitors
  6 quicksilver elementals
  12 narguns
  19 azure jellies
  9 draconian knights
  8 draconian scorchers
  29 balrugs
  7 ghost moths
  6 deep elf sorcerers
  3 spectral caustic shrikes
  An orc warlord (Vaults:2)
  Louise (Shoals:1)
  An angel (Shoals:4)
  10 ghouls
  A spectral juggernaut (Tar:2)
  An imperial myrmidon (Desolation)
  5 shard shrike simulacra
  4 deep elf elementalists (Elf:3)
  5 curse skulls
  2 draconian shifters (Zot:2)
  6 demonspawn corrupters (Pan)
  19 cacodemons
  11 iron dragons
  8 draconian annihilators
  21 ironbound preservers
  8 demonspawn blood saints (Pan)
  49 very ugly things
  25 reapers
  An ophan (Abyss:4)
  A spriggan defender (Depths:2)
  2 draconian stormcallers
  3 caustic shrike skeletons (Pan)
  The ghost of Liqyruc the Eclecticist, a journeyman DEGl of Sif Muna (Snake:2)
  9 ironbound thunderhulks
  6 juggernaut skeletons (Pan)
  9 quicksilver oozes
  5 formless jellyfish
  17 stone giants
  8 wendigos
  10 deep elf demonologists
  17 putrid mouths
  An apis (Shoals:4)
  9 purple draconians
  23 vampire knights
  7 demonspawn black suns (Pan)
  9 green draconians
  20 red draconians
  15 dire elephants
  18 elemental wellsprings
  10 deep elf annihilators
  2 spectral titans
  8 white draconians
  8 yellow draconians
  14 bennus
  2 halazid warlocks (Desolation)
  7 deep elf death magi
  10 lorocyprocas (Pan)
  11 black draconians
  7 spark wasps
  31 war gargoyles
  Azrael (Snake:3)
  13 ettins
  22 iron golems
  7 merfolk javelineers
  15 blizzard demons
  7 eidola
  8 jiangshi
  2 quicksilver dragon zombies
  7 green deaths
  22 mummy priests
  2 crystal guardians
  A kraken zombie (Hell)
  A spectral quicksilver dragon (Tar:2)
  3 spectral spriggans
  7 fire dragons
  13 merfolk impalers
  14 yaktaur captains
  7 ice dragons
  2 spectral fenstrider witches
  5 deep elf high priests
  2 entropy weavers
  17 salamander tyrants
  7 servants of whispers (Desolation)
  12 great orbs of eyes
  A spectral kraken (Tar:7)
  14 peacekeepers
  42 vault guards
  3 spriggan air magi
  10 caustic shrike simulacra
  A fenstrider witch skeleton (Tomb:1)
  5 hell beasts
  3 jorogumos
  7 ragged hierophants
  3 hydras
  10 merfolk aquamancers
  2 juggernaut simulacra
  8 rakshasas
  16 two-headed ogres
  15 centaur warriors
  8 stokers
  A merfolk avatar (Shoals:4)
  3 ironbound frosthearts
  5 ogre magi
  5 anacondas
  7 boulder beetles
  6 deep troll shamans
  2 alligators (Zot:4)
  36 dancing weapons
  2 spriggan skeletons
  4 deep troll earth magi
  An azure jelly zombie (Crypt:3)
  94 death scarabs
  A death yak (Lair:3)
  A two-headed ogre (shapeshifter) (Vaults:5)
  An alligator snapping turtle (Shoals:4)
  2 satyrs (Abyss:4)
  13 vampire magi
  2 death knights
  3 spectral dire elephants
  5 demonic crawlers
  4 tengu warriors
  19 deep elf knights
  27 hell hogs
  6 naga warriors
  6 shock serpents
  A spectral naga (Tar:2)
  7 thrashing horrors (Abyss:4)
  7 spriggan berserkers
  2 occultists
  2 naga sharpshooters (Snake:4)
  22 hell knights
  Sonja (D:12)
  5 shadow wraiths
  12 soul eaters
  13 crystal echidnas
  43 sun demons
  8 skysharks
  2 salamander mystics (Snake:3)
  34 skeletal warriors
  A titan skeleton (Crypt:1)
  5 wretched stars
  4 iron trolls
  A goliath frog (Lair:5)
  20 sixfirhies
  A spectral anaconda (Tar:2)
  50 deep trolls
  A spectral bunyip (Tar:2)
  16 deep elf archers
  A spatial maelstrom (Abyss:4)
  3 anaconda zombies (Hell)
  17 shadow demons
  12 flayed ghosts
  3 cherubim (Shoals:4)
  6 quicksilver dragon simulacra
  6 sun moths (Pan)
  An orb spider (shapeshifter) (D:15)
  16 sea snakes
  A glowing orange brain (shapeshifter) (Vaults:5)
  11 arcanists
  4 bog bodies
  13 mana vipers
  9 glowing orange brains
  5 lindwurms
  A bunyip skeleton (Crypt:3)
  A deep troll (shapeshifter) (Depths:2)
  3 spriggan simulacra
  22 deep elf zephyrmancers
  3 orb spiders (Zot:5)
  36 phantasmal warriors
  A fenstrider witch simulacrum (Tomb:3)
  10 necromancers
  6 thermic dynamos
  21 ironbound convokers
  A golden dragon skeleton (Crypt:2)
  22 deep elf pyromancers
  An obsidian bat (Orc:2)
  20 starcursed masses
  73 ugly things
  9 naga ritualists
  A jorogumo zombie (Crypt:1)
  2 anaconda skeletons
  4 fauns
  7 orc knights
  An alligator zombie (Tomb:1)
  An orc sorcerer (Abyss:4)
  17 harpies
  16 cyclopes
  10 salamanders
  2 worldbinders (Abyss:4)
  A shining eye (shapeshifter) (Depths:2)
  2 shining eyes
  Maurice (Orc:2)
  13 manticores
  A spectral centaur (Tar:2)
  A stone giant zombie (Crypt:3)
  9 apocalypse crabs
  32 moths of wrath
  5 elephants
  3 eyes of devastation
  4 ice statues
  46 black mambas
  11 merfolk sirens
  4 water nymphs
  16 naga magi
  13 molten gargoyles
  16 vault sentinels
  A frost giant skeleton (Crypt:3)
  10 rust devils
  6 spectral swamp worms (Tar:7)
  A stone giant skeleton (Crypt:1)
  2 kobold blastminers
  6 gargoyles
  22 smoke demons
  A torpor snail (Lair:4)
  7 guardian serpents
  2 titan simulacra
  4 naga zombies
  24 orange demons
  3 storm dragon simulacra
  33 large abominations
  A dire elephant zombie (Crypt:3)
  An elephant slug zombie (Crypt:1)
  16 cane toads
  Jeremiah (Lair:1)
  An unseen horror (D:11)
  18 hellions
  A dire elephant skeleton (Crypt:2)
  An orb spider zombie (Crypt:2)
  A catoblepas zombie (Crypt:3)
  3 rime drakes
  An alligator snapping turtle skeleton (Crypt:2)
  A bunyip simulacrum (Coc:2)
  25 yaktaurs
  11 tormentors
  6 anaconda simulacra
  4 tengu conjurers
  51 guardian mummies
  3 ice devils (Pan)
  7 freezing wraiths
  2 hydra zombies
  A sea snake skeleton (Crypt:3)
  9 komodo dragons
  4 ancient zymes
  8 efreet
  3 spectral harpies
  3 polar bears
  2 silent spectres
  A death yak skeleton (Crypt:1)
  7 red devils
  8 harpy zombies
  A queen bee (Orc:1)
  6 trolls
  21 merfolk
  An alligator simulacrum (Coc:1)
  A hydra skeleton (Hell)
  8 hellwings
  A tarantella (Vaults:3)
  2 tyrant leeches
  7 wind drakes
  4 hornets
  28 blink frogs
  A jumping spider (shapeshifter) (D:14)
  A wind drake (shapeshifter) (D:14)
  An ettin zombie (Crypt:3)
  69 saltlings
  3 iron dragon simulacra
  A tarantella zombie (Crypt:2)
  4 snapping turtles
  15 dream sheep
  A spectral black mamba (Tar:2)
  2 glass eyes (Depths:2)
  71 slime creatures
  2 black mamba zombies (Crypt:1)
  A shadow (D:10)
  2 air elementals (Elf:1)
  4 spriggans
  5 dire elephant simulacra
  A culicivora (Vaults:1)
  A spriggan (shapeshifter) (Elf:3)
  3 vampires
  28 water elementals
  4 basilisks
  8 wyverns
  19 ynoxinuls
  A naga simulacrum (Abyss:4)
  13 wraiths
  28 fire elementals
  16 golden eyes
  3 wargs
  67 yaks
  A hog (shapeshifter) (D:13)
  3 alligator snapping turtle simulacra
  28 neqoxecs
  9 ushabtiu
  2 humans (D:14)
  4 redbacks
  A tyrant leech zombie (Crypt:1)
  9 chaos spawn
  2 redbacks (shapeshifter)
  A steam dragon (D:10)
  24 nagas
  5 vampire mosquitoes
  A swamp worm (shapeshifter) (Vaults:5)
  5 spatial vortices (Abyss:4)
  17 harpy simulacra
  2 hell hounds (Snake:3)
  An acid dragon (shapeshifter) (Elf:2)
  A hydra simulacrum (Coc:4)
  6 water moccasins
  A naga skeleton (Tomb:1)
  2 acid dragons
  A sky beast (D:7)
  2 merfolk skeletons (Crypt:1)
  12 orc warriors
  3 black bears
  An ice dragon simulacrum (Coc:1)
  3 ice beasts
  4 ettin simulacra
  A lindwurm skeleton (Crypt:3)
  29 ogres
  4 boggarts (Vaults:4)
  31 laughing skulls
  2 swamp dragon zombies (Crypt:2)
  5 small abominations
  A swamp dragon skeleton (Crypt:1)
  15 wolves
  10 centaurs
  3 phantoms
  12 kobold brigands
  A weeping skull (Abyss:4)
  4 elf zombies (Elf:1)
  5 scorpions
  7 gnoll sergeants
  17 bullfrogs
  2 earth elementals
  10 wights
  A wyvern skeleton (Crypt:1)
  2 shapeshifter zombies
  60 killer bees
  A spriggan zombie (Crypt:3)
  A polar bear zombie (Crypt:3)
  3 howler monkeys
  14 electric eels
  3 centaur zombies
  A lava snake (Lair:1)
  A hound (D:5)
  3 jellies
  11 orc priests
  A sleepcap (D:5)
  3 centaur skeletons
  5 iguanas
  13 orc wizards
  5 hell rats (Hell)
  45 mummies
  2 howler monkey skeletons (Crypt:2)
  13 adders
  25 gnolls
  3 white imps
  An adder skeleton (Crypt:2)
  3 ribbon worms
  A dart slug (D:3)
  62 orcs
  3 ball pythons
  4 bats
  5 endoplasms
  2 giant cockroaches
  6 goblins
  2 hobgoblins
  3 jackals (D:3)
  A quokka (D:3)
  5 frilled lizards
  A goblin skeleton (Crypt:3)
  21 kobolds
  A quokka skeleton (Crypt:2)
  5 rats
  4 aspiring fleshes
  2 ball lightnings (Pan)
  5 creeping infernos
  13 fire vortices
  2 lurking horrors (Abyss:4)
  2 starspawn tentacles (Abyss:4)
  5 tentacles
4058 creatures vanquished.

Vanquished Creatures (others)
  A Brimstone Fiend (Pan)
  An eldritch tentacle (Pan)
  An elemental wellspring (Coc:4)
  A lorocyproca (Pan)
  A caustic shrike simulacrum (Coc:7)
  A hell knight (Hell)
  A deep elf knight (Elf:2)
  A glowing orange brain (Pan)
  A necromancer (Hell)
  An ugly thing (D:10)
  A moth of wrath (Zot:2)
  A tormentor (Pan)
  A saltling (Desolation)
  A dream sheep (Shoals:1)
  A water elemental (Hell)
  A golden eye (Slime:4)
  A hydra simulacrum (Hell)
  A harpy simulacrum (Coc:7)
  A weeping skull (Abyss:4)
  2 hell rats (Hell)
  A ball lightning (Pan)
  A lurking horror (Abyss:4)
  9 starspawn tentacles (Abyss:4)
  12 tentacles
44 creatures vanquished.

Grand Total: 4102 creatures vanquished

Notes
Turn   | Place    | Note
-------+----------+-------------------------------------------
     0 | D:1      | Wizard1ke the Formicid Hexslinger began the quest for the
                  | Orb.
     0 | D:1      | Reached XP level 1. HP: 15/15 MP: 2/2
    83 | D:1      | Reached XP level 2. HP: 16/21 MP: 3/3
   828 | D:2      | Reached XP level 3. HP: 27/27 MP: 4/4
  1010 | D:2      | Found a runed translucent door.
  1011 | D:2      | Noticed Crazy Yiuf
  1074 | D:2      | Found a bloodstained altar of Trog.
  1099 | D:2      | Found Cifeme's Armour Shop.
  1196 | D:2      | Reached XP level 4. HP: 32/34 MP: 5/5
  1582 | D:2      | Identified the +2 helmet of Absence {^Contam rF+ rC+ Int+2}
  1972 | D:3      | Found a hide-covered altar of Uskayaw.
  2333 | D:4      | Noticed a scorpion
  2347 | D:4      | Killed a scorpion
  2348 | D:4      | Reached XP level 5. HP: 11/42 MP: 6/6
  2355 | D:4      | HP: 2/42 [poisoned by a scorpion]
  2812 | D:3      | Reached XP level 6. HP: 38/48 MP: 7/7
  3116 | D:4      | Found Buager's General Store.
  3185 | D:4      | Found a burning altar of Makhleb.
  3540 | D:4      | Reached skill level 5 in Fighting
  3540 | D:4      | Reached skill level 5 in Ranged Weapons
  3540 | D:4      | Reached XP level 7. HP: 29/56 MP: 8/8
  3746 | D:4      | Reached skill level 1 in Evocations
  3933 | D:5      | Entered Level 5 of the Dungeon
  5147 | D:5      | Reached XP level 8. HP: 64/64 MP: 9/9
  6033 | D:6      | Found the +7 Throatcutter {drain, coup de grace}
  6971 | D:6      | Reached XP level 9. HP: 44/72 MP: 10/10
  7149 | D:6      | Reached skill level 5 in Evocations
  9693 | D:7      | Found a staircase to the Ecumenical Temple.
  9701 | Temple   | Entered the Ecumenical Temple
  9717 | Temple   | Became a worshipper of the Shining One
  9752 | D:7      | Reached XP level 10. HP: 76/83 MP: 11/11
 10378 | D:7      | Reached skill level 10 in Fighting
 10421 | D:8      | Reached skill level 1 in Shields
 11087 | D:8      | Reached * piety under the Shining One
 11481 | D:9      | Reached skill level 10 in Ranged Weapons
 11549 | D:9      | Reached skill level 5 in Shields
 12094 | D:9      | Found a radiant altar of Vehumet.
 12390 | D:8      | You fall into a shaft and drop 1 floor!
 12538 | D:8      | You fall into a shaft and drop 2 floors!
 12538 | D:10     | Entered Level 10 of the Dungeon
 12687 | D:10     | Noticed a two-headed ogre
 12716 | D:10     | Killed a two-headed ogre
 12717 | D:10     | Reached XP level 11. HP: 19/90 MP: 12/12
 13562 | D:2      | Bought the +1 cloak of Dithmenos's Esteem {rElec rPois
                  | Int-5 Slay+5} for 420 gold pieces
 14537 | D:10     | Noticed a brown ugly thing
 14752 | D:10     | Found a bloodstained altar of Trog.
 14755 | D:10     | Found a snail-covered altar of Cheibriados.
 14758 | D:10     | Found a basalt altar of Yredelemnul.
 14761 | D:10     | Found an iron altar of Okawaru.
 14765 | D:10     | Fell from the grace of the Shining One
 14765 | D:10     | Became a worshipper of Warmaster Okawaru
 15032 | D:10     | Noticed a cyclops
 15232 | D:10     | Reached * piety under Okawaru
 15240 | D:10     | Killed a white ugly thing
 15267 | D:10     | Killed a brown ugly thing
 15348 | D:10     | Reached skill level 1 in Invocations
 15374 | D:10     | Noticed a two-headed ogre
 15388 | D:10     | Killed a cyclops
 15389 | D:10     | Killed a two-headed ogre
 15389 | D:10     | Reached ** piety under Okawaru
 15390 | D:10     | Reached skill level 5 in Invocations
 15507 | D:10     | Reached XP level 12. HP: 54/100 MP: 16/16
 15583 | D:10     | Identified the +3 ring mail "Gemmiti" {*Slow rElec Dex+6
                  | Stlth+}
 15755 | D:10     | Reached *** piety under Okawaru
 16257 | D:11     | Found a staircase to the Lair.
 16564 | D:11     | Found a staircase to the Orcish Mines.
 17039 | D:11     | Noticed a two-headed ogre
 17048 | D:11     | Killed a two-headed ogre
 17048 | D:11     | Reached **** piety under Okawaru
 17147 | D:11     | Found a shadowy altar of Dithmenos.
 17148 | D:11     | Noticed a boulder beetle
 17157 | D:11     | Killed a boulder beetle
 17387 | Lair:1   | Entered Level 1 of the Lair of Beasts
 17903 | Lair:1   | Noticed Jeremiah
 17912 | Lair:1   | Reached XP level 13. HP: 112/112 MP: 15/17
 17927 | Lair:1   | Killed Jeremiah
 17963 | Lair:1   | Found a dark tunnel.
 17976 | Volcano  | Entered a volcano
 18218 | Volcano  | Reached ***** piety under Okawaru
 18317 | Volcano  | Received a gift from Okawaru
 18756 | Volcano  | Noticed an orb of fire
 18840 | Volcano  | Noticed an orb of fire
 19519 | Lair:1   | Identified the ring of Qeiq {Fly rElec Dex+2}
 20291 | Lair:2   | Reached skill level 15 in Fighting
 20920 | Lair:2   | Received a gift from Okawaru
 20927 | Lair:2   | Reached XP level 14. HP: 119/123 MP: 20/20
 21273 | Lair:3   | Found a runed translucent door.
 21274 | Lair:3   | Noticed rotlqkf's ghost (journeyman OpSh)
 21604 | Lair:3   | Reached skill level 10 in Invocations
 21626 | Lair:3   | Reached skill level 15 in Ranged Weapons
 21638 | Lair:3   | Received a gift from Okawaru
 21997 | Lair:3   | Found a staircase to the Shoals.
 22216 | Lair:3   | Found a staircase to the Snake Pit.
 22565 | Lair:4   | Found a staircase to the Slime Pits.
 22566 | Lair:4   | Found a viscous altar of Jiyva.
 22744 | Lair:4   | Received a gift from Okawaru
 23411 | Lair:5   | Entered Level 5 of the Lair of Beasts
 24205 | Lair:5   | Received a gift from Okawaru
 24288 | Lair:5   | Reached XP level 15. HP: 105/131 MP: 22/22
 24758 | Lair:5   | Reached ****** piety under Okawaru
 24758 | Lair:5   | Received a gift from Okawaru
 24759 | Lair:5   | Acquired the +8 longbow of Deformation {heavy, Str-3 Int+3
                  | Dex+4}
 24759 | Lair:5   | Received a gift from Okawaru
 24832 | Lair:5   | Identified the +6 great sword of Red Wine {venom, Str-4
                  | Dex+4 Stlth+}
 25645 | D:12     | Acquired the +3 pair of gauntlets of War {Slay+5}
 25645 | D:12     | Received a gift from Okawaru
 25645 | D:12     | Found the +3 pair of gauntlets of War {Slay+5}
 25716 | D:12     | Noticed Sonja
 25718 | D:12     | Killed Sonja
 25897 | Orc:1    | Entered Level 1 of the Orcish Mines
 25988 | Orc:2    | Entered Level 2 of the Orcish Mines
 25990 | Orc:2    | Found a staircase to the Elven Halls.
 26239 | Orc:2    | Received a gift from Okawaru
 26272 | Orc:2    | Found Tuaw's Jewellery Boutique.
 26272 | Orc:2    | Found Izxaiwk's Jewellery Emporium.
 26290 | Orc:2    | Received a gift from Okawaru
 26303 | Orc:2    | Found Sygistryr's Armour Shop.
 26303 | Orc:2    | Found Eblyrhul's Jewellery Emporium.
 26325 | Orc:2    | Bought the amulet "Kezoxih" {rF+ Regen+} for 484 gold
                  | pieces
 26627 | Orc:1    | Noticed Maurice
 26726 | Orc:2    | Killed Maurice
 26731 | Orc:2    | Reached XP level 16. HP: 120/138 MP: 23/23
 27171 | D:13     | Received a gift from Okawaru
 27514 | D:13     | Identified the +5 hand axe "Pucyczil" {vamp, Str+6}
 27518 | D:13     | Found a runed translucent gate.
 27518 | D:13     | Found a runed translucent gate.
 27519 | D:13     | Found a runed translucent gate.
 27520 | D:13     | Found an opulent altar of Gozag.
 27521 | D:13     | Found Juvost's Assorted Antiques.
 27521 | D:13     | Found Geisi's Assorted Antiques.
 27521 | D:13     | Noticed uuddlrlrba's ghost (journeyman SpAl)
 27521 | D:13     | Noticed a fire giant
 28167 | D:14     | Found Uwaif's Tiny Tomes.
 28342 | D:14     | Reached skill level 5 in Dodging
 28562 | D:14     | Received a gift from Okawaru
 28677 | D:14     | Found a gate to the Vaults.
 28802 | D:15     | Entered Level 15 of the Dungeon
 28955 | D:15     | Identified the +9 dagger "Ynare" {antimagic, ^Fragile rC+
                  | Str+2}
 28956 | D:15     | Found a hide-covered altar of Uskayaw.
 29042 | D:15     | Found a white marble altar of Elyvilon.
 29092 | D:15     | Noticed Jorgrun
 29094 | D:15     | Killed Jorgrun
 29175 | D:15     | Received a gift from Okawaru
 29458 | D:15     | Found a staircase to the Depths.
 29700 | Snake:1  | Entered Level 1 of the Snake Pit
 29876 | Snake:1  | Identified the serpent talisman of the Horehound {rF+ rC+
                  | SInv Stlth-}
 29876 | Snake:1  | Noticed Aizul
 29881 | Snake:1  | Killed Aizul
 29882 | Snake:1  | Reached XP level 17. HP: 110/144 MP: 24/24
 30005 | Snake:1  | Received a gift from Okawaru
 30044 | Snake:1  | Reached skill level 10 in Shields
 30052 | Snake:1  | Noticed Asterion
 30060 | Snake:1  | Killed Asterion
 30374 | Snake:2  | Found a runed translucent door.
 30374 | Snake:2  | Found a shimmering altar of Xom.
 30374 | Snake:2  | Noticed Liqyruc's ghost (journeyman DEGl)
 30374 | Snake:2  | Identified the +9 halberd of the Badger {chaos, rN++}
 30394 | Snake:2  | Killed Liqyruc's ghost
 30402 | Snake:2  | Identified the +0 battleaxe "Goblin's Undoing" {elec,
                  | ^Contam rC+ rN++ Dex+3}
 30456 | Snake:2  | Received a gift from Okawaru
 30488 | Snake:2  | Noticed Roxanne
 30996 | Snake:3  | Noticed Azrael
 30999 | Snake:3  | Killed Azrael
 31036 | Snake:3  | Noticed Donald
 31040 | Snake:3  | Killed Donald
 31271 | Snake:3  | Reached skill level 10 in Dodging
 31320 | Snake:3  | Received a gift from Okawaru
 31546 | Snake:3  | Reached XP level 18. HP: 151/151 MP: 25/25
 31666 | Snake:4  | Entered Level 4 of the Snake Pit
 31935 | Snake:4  | Reached skill level 15 in Shields
 31978 | Snake:4  | Noticed a quicksilver dragon
 31985 | Snake:4  | Killed a quicksilver dragon
 31985 | Snake:4  | Received a gift from Okawaru
 32003 | Snake:4  | Got a jade gem with 30 turns to spare
 32012 | Snake:4  | Got a serpentine rune of Zot
 32293 | Snake:4  | Received a gift from Okawaru
 32524 | Snake:4  | Found Fack's Jewellery Shoppe.
 32526 | Snake:4  | Found Hipnau Moare's Magic Scroll Emporium.
 32528 | Snake:4  | Found Syffueroza's Magic Scroll Shoppe.
 32532 | Snake:4  | Bought a +6 ring of dexterity for 540 gold pieces
 32540 | Snake:4  | Bought a scroll of enchant weapon for 75 gold pieces
 32540 | Snake:4  | Bought a scroll of revelation for 75 gold pieces
 32540 | Snake:4  | Bought a scroll of enchant armour for 75 gold pieces
 32540 | Snake:4  | Bought a scroll of silence for 95 gold pieces
 32540 | Snake:4  | Bought a scroll of poison for 40 gold pieces
 32546 | Snake:4  | Bought a scroll of identify for 20 gold pieces
 32546 | Snake:4  | Bought a scroll of identify for 20 gold pieces
 32558 | Snake:4  | Bought a scroll of enchant weapon for 135 gold pieces
 32558 | Snake:4  | Bought 3 scrolls of fear for 216 gold pieces
 32558 | Snake:4  | Bought a scroll of fog for 72 gold pieces
 32558 | Snake:4  | Bought a scroll of identify for 36 gold pieces
 32819 | Shoals:1 | Entered Level 1 of the Shoals
 33014 | Shoals:1 | Found Coamer's General Store.
 33014 | Shoals:1 | Noticed Louise
 33021 | Shoals:1 | Killed Louise
 33048 | Shoals:1 | Noticed Nikola
 33052 | Shoals:1 | Killed Nikola
 33052 | Shoals:1 | Received a gift from Okawaru
 33871 | Shoals:2 | Reached XP level 19. HP: 161/161 MP: 26/26
 34343 | Shoals:3 | Noticed Ilsuiw
 34385 | Shoals:3 | Killed Ilsuiw
 34465 | Shoals:3 | Received a gift from Okawaru
 34703 | Shoals:4 | Entered Level 4 of the Shoals
 34728 | Shoals:4 | Found a white marble altar of Elyvilon.
 34922 | Shoals:4 | Received a gift from Okawaru
 34954 | Shoals:4 | Got a barnacled rune of Zot
 34956 | Shoals:4 | Identified the +1 buckler of Resilience {rC+ rN+}
 34960 | Shoals:4 | Identified the +0 robe of the Enchanted Forest {rF- rC-
                  | Regen+ Int+8}
 35080 | Shoals:4 | Found a glowing silver altar of Zin.
 35103 | Shoals:4 | Received a gift from Okawaru
 35131 | Shoals:4 | Identified the staff of Dim Light {rF+ Summ Fire Ice}
 35469 | Vaults:1 | Entered Level 1 of the Vaults
 35590 | Vaults:1 | Reached XP level 20. HP: 141/172 MP: 22/27
 35889 | Vaults:1 | Received a gift from Okawaru
 36075 | Vaults:1 | Found Puticlem's Armour Shop.
 36399 | Vaults:1 | Found Ysmeikui's Weapon Emporium.
 36540 | Vaults:1 | Received a gift from Okawaru
 36797 | Vaults:2 | Found a crumbling gateway.
 36812 | Desolati | Entered the Desolation of Salt
 36856 | Desolati | Identified the ring of Kyeniwn {Fly rC+ Str+3}
 36914 | Desolati | Received a gift from Okawaru
 37043 | Desolati | Got Citiser's Codex of the Leaden Jinx
 37057 | Desolati | Found the ring of the Octopus King
 37082 | Desolati | Identified a ring of the Octopus King {Fly HP+2 AC+2 EV+2
                  | SH+2}
 37120 | Desolati | Identified the ring of the Ancients {+Blink rElec Str+6}
 37185 | Desolati | Identified the +8 sling of Tenacity {speed, +Blink Str+3
                  | SInv}
 37307 | Desolati | Reached XP level 21. HP: 183/183 MP: 28/28
 37309 | Desolati | Identified the ring of Daffodils {Str+4 Int+6}
 37320 | Desolati | Received a gift from Okawaru
 37396 | Desolati | Got the Parchment of a Hundred Xalams
 37782 | Vaults:2 | Reached skill level 15 in Dodging
 37889 | Vaults:2 | Received a gift from Okawaru
 38238 | Vaults:2 | Received a gift from Okawaru
 38412 | Vaults:2 | Found Qapijeo's Distillery.
 38420 | Vaults:2 | Bought a potion of resistance for 180 gold pieces
 38420 | Vaults:2 | Bought a potion of heal wounds for 90 gold pieces
 38420 | Vaults:2 | Bought a potion of mutation for 144 gold pieces
 39155 | Vaults:3 | Found a portal to a secret trove of treasure.
 39394 | Vaults:3 | Reached skill level 10 in Evocations
 39479 | Vaults:3 | Received a gift from Okawaru
 39693 | Vaults:3 | Found Qiniw's Distillery.
 39702 | Vaults:3 | Bought a potion of resistance for 110 gold pieces
 39702 | Vaults:3 | Bought a potion of cancellation for 88 gold pieces
 39702 | Vaults:3 | Bought a potion of heal wounds for 55 gold pieces
 39787 | Vaults:3 | Found a staircase to the Crypt.
 39792 | Vaults:3 | Reached XP level 22. HP: 190/190 MP: 25/31
 40377 | Vaults:4 | Received a gift from Okawaru
 40792 | Vaults:4 | Received a gift from Okawaru
 41748 | Depths:1 | Entered Level 1 of the Depths
 41791 | Depths:1 | Received a gift from Okawaru
 41883 | Depths:1 | Identified the amulet of Knowledge {rF+ rC++ RegenMP+}
 41965 | Depths:1 | Reached XP level 23. HP: 196/196 MP: 33/33
 42039 | Depths:1 | Noticed a golden dragon
 42041 | Depths:1 | Killed a golden dragon
 42072 | Depths:1 | Identified the +9 falchion "Ixzex" {holy, rPois rF+ Stlth+}
 42201 | Depths:1 | Reached skill level 15 in Invocations
 42342 | Depths:1 | Noticed a golden dragon
 42347 | Depths:1 | Killed a golden dragon
 42463 | Depths:1 | Found a one-way gate leading to the halls of Pandemonium.
 42588 | Depths:1 | Found a gateway to Hell.
 42651 | Depths:1 | Received a gift from Okawaru
 42978 | Depths:2 | Found Omitudi's Antique Weapon Shop.
 43004 | Depths:2 | Identified the +2 robe of Hubris {rF- Will+ Int+3}
 43004 | Depths:2 | Noticed Boris
 43009 | Depths:2 | Killed Boris
 43010 | Depths:2 | Reached skill level 1 in Shapeshifting
 43096 | Depths:2 | Found Zuceijuh's Magic Scroll Boutique.
 43099 | Depths:2 | Bought a scroll of vulnerability for 60 gold pieces
 43099 | Depths:2 | Bought a scroll of fear for 60 gold pieces
 43099 | Depths:2 | Bought a scroll of fog for 60 gold pieces
 43099 | Depths:2 | Bought 3 scrolls of immolation for 180 gold pieces
 43099 | Depths:2 | Bought a scroll of immolation for 60 gold pieces
 43175 | Depths:2 | Found Jexey's Distillery.
 43351 | Depths:2 | Found a one-way gate to the infinite horrors of the Abyss.
 43528 | Depths:2 | Reached skill level 5 in Shapeshifting
 43574 | Depths:2 | Found a glowing golden altar of the Shining One.
 43609 | Depths:2 | Found Yvopp's Antique Armour Shop.
 43687 | Depths:2 | Found Odwiq's Antique Armour Emporium.
 44059 | Depths:2 | Received a gift from Okawaru
 44433 | Depths:3 | Reached XP level 24. HP: 204/204 MP: 34/34
 44617 | Depths:3 | Found a one-way gateway to a ziggurat.
 44617 | Depths:3 | Noticed a dread lich
 44631 | Depths:3 | Found the +8 storm bow {elec, penet}
 44684 | Depths:3 | Found a sacrificial altar of Ru.
 44693 | Depths:3 | Reached skill level 10 in Shapeshifting
 44701 | Depths:3 | Received a gift from Okawaru
 45024 | Depths:3 | Identified the +0 ring mail of Midwinter {Dex+2}
 45499 | Depths:4 | Entered Level 4 of the Depths
 45540 | Depths:4 | Noticed Parghit
 45560 | Depths:4 | Killed Parghit
 45600 | Depths:4 | Found a gate to the Realm of Zot.
 45787 | Depths:4 | Found a corrupted altar of Lugonu.
 45993 | Depths:4 | Received a gift from Okawaru
 46599 | Elf:1    | Entered Level 1 of the Elven Halls
 46868 | Elf:1    | Got the Omnibus of Karma
 47149 | Elf:1    | Found Icaczyi's Book Shop.
 47594 | Elf:2    | Reached skill level 15 in Shapeshifting
 47641 | Elf:2    | Reached XP level 25. HP: 208/210 MP: 34/34
 47655 | Elf:2    | Received a gift from Okawaru
 47894 | Elf:2    | Found a runed translucent gate.
 47894 | Elf:2    | Found a runed translucent gate.
 47895 | Elf:2    | Found a runed translucent gate.
 48126 | Elf:2    | Identified the +9 scimitar "Falakaif" {vamp, rCorr Str+3}
 48498 | Elf:3    | Entered Level 3 of the Elven Halls
 48621 | Elf:3    | Received a gift from Okawaru
 48683 | Elf:3    | Found a huge runed translucent gate.
 48683 | Elf:3    | Found a huge runed translucent gate.
 48683 | Elf:3    | Found a huge runed translucent gate.
 48683 | Elf:3    | Found a huge runed translucent gate.
 48683 | Elf:3    | Found a huge runed translucent gate.
 48683 | Elf:3    | Found a huge runed translucent gate.
 48683 | Elf:3    | Found a huge runed translucent gate.
 48683 | Elf:3    | Found a huge runed translucent gate.
 48683 | Elf:3    | Found a huge runed translucent gate.
 48684 | Elf:3    | Found a huge runed translucent gate.
 48685 | Elf:3    | Found a huge runed translucent gate.
 48687 | Elf:3    | Found a huge runed translucent gate.
 48688 | Elf:3    | Found a huge runed translucent gate.
 48689 | Elf:3    | Found a huge runed translucent gate.
 48690 | Elf:3    | Found a huge runed translucent gate.
 48691 | Elf:3    | Found a huge runed translucent gate.
 48691 | Elf:3    | Found a huge runed translucent gate.
 48696 | Elf:3    | Found a huge runed translucent gate.
 48697 | Elf:3    | Found a huge runed translucent gate.
 48697 | Elf:3    | Found a huge runed translucent gate.
 48697 | Elf:3    | Found a huge runed translucent gate.
 48697 | Elf:3    | Found a huge runed translucent gate.
 48699 | Elf:3    | Found a huge runed translucent gate.
 48700 | Elf:3    | Found a huge runed translucent gate.
 48701 | Elf:3    | Found a huge runed translucent gate.
 48701 | Elf:3    | Found a huge runed translucent gate.
 48706 | Elf:3    | Found a huge runed translucent gate.
 48707 | Elf:3    | Found a huge runed translucent gate.
 48707 | Elf:3    | Found a huge runed translucent gate.
 48707 | Elf:3    | Found a huge runed translucent gate.
 48707 | Elf:3    | Found a huge runed translucent gate.
 48709 | Elf:3    | Found a huge runed translucent gate.
 48710 | Elf:3    | Found a huge runed translucent gate.
 48711 | Elf:3    | Found a huge runed translucent gate.
 48711 | Elf:3    | Found a huge runed translucent gate.
 48716 | Elf:3    | Found a huge runed translucent gate.
 48724 | Elf:3    | Found Xois's Book Shop.
 48759 | Elf:3    | Found Lamp's General Store.
 48870 | Elf:3    | Found a radiant altar of Vehumet.
 48944 | Elf:3    | Noticed Norris
 48960 | Elf:3    | Killed Norris
 48986 | Elf:3    | Received a gift from Okawaru
 49182 | Elf:3    | Identified the +4 chain mail of Purpose {Int+2}
 49241 | Elf:3    | Identified the +2 robe of the Tanner {rElec rF- MP+9 Str+5}
 49259 | Elf:3    | Got the Elucidation of Space
 49273 | Elf:3    | Identified the +8 rapier of Foqieth {freeze, rPois rC+ MP+9
                  | Stlth+}
 49282 | Elf:3    | Identified the +0 helmet "Nuishragaps" {rElec rN+ Int-3}
 49284 | Elf:3    | Identified the amulet "Voboll" {Faith -Tele rC+ Str-5
                  | Int+6}
 49300 | Elf:3    | Identified the +4 hand axe of Huulucev {freeze, rElec rF-
                  | rN+ Int+5}
 49311 | Elf:3    | Identified the +2 orcbow "Ziumy" {freeze, rN+ Will- MP+9
                  | Str+4}
 49314 | Elf:3    | Identified the +5 flail of Honour {flame, +Blink rPois
                  | Dex+4}
 49335 | Elf:3    | Identified the ring "Helawat" {rPois EV+5}
 49347 | Elf:3    | Got the Spellbook of the Oath
 50207 | Slime:1  | Entered Level 1 of the Pits of Slime
 50329 | Slime:5  | Entered Level 5 of the Pits of Slime
 50385 | Slime:5  | Noticed the Royal Jelly
 50396 | Slime:5  | Killed the Royal Jelly
 50397 | Slime:5  | Reached XP level 26. HP: 199/218 MP: 31/34
 50583 | Slime:3  | Gained mutation: You are robust. (+10% HP) [a shining eye]
 50587 | Slime:3  | Gained mutation: You are strong-willed. (Will+) [a shining
                  | eye]
 51211 | Slime:5  | Received a gift from Okawaru
 51415 | Slime:5  | Gained mutation: You expend magic power (3 MP) to
                  | strengthen your wands. [a shining eye]
 51464 | Slime:5  | Identified the +3 demon whip of War {flame, +Blink rN+
                  | Str-4 Dex+6}
 51465 | Slime:5  | Identified the ring of Amelioration {*Corrode rPois rF+
                  | rN+}
 51488 | Slime:5  | Identified the +7 dire flail "Meops" {antimagic, rN+ rCorr
                  | Int+3}
 51491 | Slime:5  | Got a slimy rune of Zot
 51569 | Slime:5  | Identified the +9 long sword "Hydrabane" {venom, Will++}
 52086 | Vaults:3 | You showed the slimy rune of Zot to enter a treasure trove
 52087 | Trove    | Entered a treasure trove
 52095 | Trove    | Identified the ring "Maschecs" {*Corrode rF+ rC+ Dex+6
                  | Slay+6}
 52105 | Trove    | Identified the ring of the Messenger {rC+ Str+6}
 52110 | Trove    | Identified the amulet of Yjuo {Spirit +Blink rPois rC-
                  | Dex+3}
 52112 | Trove    | Identified the ring of the Heavens {rPois Str+6}
 52114 | Trove    | Identified the ring "Jeajaisepno" {rN+ Slay+4}
 52117 | Trove    | Identified the ring "Urphasewe" {EV+5 Str+4 Int-5 Dex+3
                  | Slay+2}
 52121 | Trove    | Identified the amulet "Utzeiva" {rC+ RegenMP+ Int+3 Stlth+}
 52457 | Zot:1    | Entered Level 1 of the Realm of Zot
 53053 | Zot:1    | Found a runed translucent gate.
 53053 | Zot:1    | Found a runed translucent gate.
 53053 | Zot:1    | Found a runed translucent gate.
 53053 | Zot:1    | Found an ancient bone altar of Kikubaaqudgha.
 53053 | Zot:1    | Noticed a dread lich
 53053 | Zot:1    | Noticed Plog's ghost (master TrFi)
 53053 | Zot:1    | Noticed a dread lich
 53053 | Zot:1    | Noticed Obamn's ghost (legendary FoAl)
 53053 | Zot:1    | Noticed a dread lich
 53165 | Zot:1    | Received a gift from Okawaru
 53686 | Zot:2    | Received a gift from Okawaru
 54197 | Zot:3    | Reached XP level 27. HP: 235/246 MP: 34/34
 54527 | Zot:3    | Noticed an orb of fire
 54535 | Zot:3    | Killed an orb of fire
 54618 | Zot:3    | Received a gift from Okawaru
 55120 | Zot:4    | Noticed a Killer Klown
 55134 | Zot:4    | Killed a Killer Klown
 55134 | Zot:4    | Received a gift from Okawaru
 55239 | Zot:4    | Found a runed translucent gate.
 55239 | Zot:4    | Found a runed translucent gate.
 55239 | Zot:4    | Found a runed translucent gate.
 55245 | Zot:4    | Noticed Bisin's ghost (master TrFi)
 55269 | Zot:4    | Found the +4 dragonskin cloak {Aegis}
 55269 | Zot:4    | Noticed Tiamat
 55289 | Arena    | Entered the Arena
 55329 | Zot:4    | Killed Tiamat
 55763 | Zot:4    | Found a stormy altar of Qazlal.
 56007 | Zot:4    | Received a gift from Okawaru
 56197 | Zot:4    | Identified the ring "Utou" {rC+ Dex+5 Stlth+}
 56308 | Zot:5    | Entered Level 5 of the Realm of Zot
 56366 | Zot:5    | Received a gift from Okawaru
 56864 | Zot:5    | Noticed a dread lich
 56869 | Zot:5    | Killed a dread lich
 56876 | Zot:5    | Noticed a Killer Klown
 56887 | Zot:5    | Killed a Killer Klown
 56890 | Zot:5    | Noticed an orb of fire
 56902 | Zot:5    | Killed an orb of fire
 56906 | Zot:5    | Noticed an orb of fire
 56914 | Zot:5    | Killed an orb of fire
 56942 | Zot:5    | Noticed a dread lich
 56946 | Zot:5    | Killed a dread lich
 56946 | Zot:5    | Received a gift from Okawaru
 57016 | Zot:5    | Noticed a Killer Klown
 57019 | Zot:5    | Killed a Killer Klown
 57020 | Zot:5    | Noticed a Killer Klown
 57021 | Zot:5    | Noticed a Killer Klown
 57023 | Zot:5    | Noticed an ancient lich
 57031 | Zot:5    | Killed an ancient lich
 57034 | Zot:5    | Noticed a Killer Klown
 57034 | Zot:5    | Noticed an orb of fire
 57042 | Zot:5    | Killed a Killer Klown
 57042 | Zot:5    | Noticed a dread lich
 57051 | Zot:5    | Received a gift from Okawaru
 57053 | Zot:5    | Killed a dread lich
 57058 | Zot:5    | Noticed a dread lich
 57061 | Zot:5    | Killed a Killer Klown
 57061 | Zot:5    | Killed a dread lich
 57239 | Zot:5    | Killed an orb of fire
 57244 | Zot:5    | Killed a Killer Klown
 57365 | Zot:5    | Noticed an ancient lich
 57369 | Zot:5    | Killed an ancient lich
 58022 | Crypt:1  | Entered Level 1 of the Crypt
 58053 | Crypt:1  | Received a gift from Okawaru
 58808 | Crypt:1  | Identified the ring "Ijut" {Ice rPois rCorr Int+3 Dex+2}
 58808 | Crypt:1  | Noticed Josephina
 58823 | Crypt:1  | Killed Josephina
 58847 | Crypt:1  | Learned a level 5 spell: Yara's Violent Unravelling
 59067 | Crypt:2  | Reached skill level 1 in Alchemy
 59179 | Crypt:2  | Found an ancient bone altar of Kikubaaqudgha.
 59636 | Crypt:3  | Entered Level 3 of the Crypt
 59683 | Crypt:3  | Reached skill level 5 in Hexes
 59784 | Crypt:3  | Noticed an ancient lich
 59790 | Crypt:3  | Killed an ancient lich
 59834 | Crypt:3  | Received a gift from Okawaru
 59909 | Crypt:3  | Reached skill level 5 in Alchemy
 60010 | Crypt:3  | Noticed Xtahua
 60020 | Crypt:3  | Killed Xtahua
 60180 | Crypt:3  | Found a staircase to the Tomb.
 60288 | Crypt:3  | Received a gift from Okawaru
 60333 | Crypt:3  | Found a shimmering altar of Xom.
 60589 | Crypt:3  | Noticed Jory
 60603 | Crypt:3  | Killed Jory
 60648 | Crypt:3  | Identified the +0 dagger "Tyxted" {freeze, rN++ Int+3 Dex-4
                  | Stlth+}
 60650 | Crypt:3  | Identified the staff of Pain and Death {rElec rF++ Will+++
                  | Str-5 Conj Air}
 60713 | Crypt:3  | Reached skill level 10 in Alchemy
 60715 | Crypt:3  | Reached skill level 10 in Hexes
 61239 | Pan      | Entered Pandemonium
 61431 | Pan      | Entered the realm of Gloorx Vloq.
 61581 | Pan      | Received a gift from Okawaru
 61715 | Pan      | Noticed Gloorx Vloq
 61731 | Pan      | Killed Gloorx Vloq
 61765 | Pan      | Got a dark rune of Zot
 61894 | Pan      | Received a gift from Okawaru
 62089 | Pan      | Noticed Plog the pandemonium lord
 62106 | Pan      | Killed Plog the pandemonium lord
 62149 | Pan      | Got a demonic rune of Zot
 62558 | Pan      | Found an exit through the horrors of the Abyss.
 62721 | Pan      | Received a gift from Okawaru
 62941 | Pan      | Noticed Qiwodad the pandemonium lord
 63016 | Pan      | Killed Qiwodad the pandemonium lord
 63220 | Pan      | Found a runed translucent door.
 63320 | Pan      | Entered the realm of Cerebov.
 63531 | Pan      | Found an exit through the horrors of the Abyss.
 63713 | Pan      | Identified the ring of Uhejawi {rC+ AC+4}
 63746 | Pan      | Found the +6 sword of Cerebov {flame}
 63746 | Pan      | Noticed Cerebov
 63765 | Pan      | Received a gift from Okawaru
 63827 | Pan      | Killed Cerebov
 63920 | Pan      | Got Sif Muna's Parchment of the Sympathetic Tincture
 64034 | Pan      | Got the Vellum of Beguiling and Oxidation
 64052 | Pan      | Got a fiery rune of Zot
 64133 | Pan      | Entered the realm of Mnoleg.
 64133 | Pan      | Found an exit through the horrors of the Abyss.
 64194 | Pan      | Received a gift from Okawaru
 64218 | Pan      | Noticed Mnoleg
 64286 | Pan      | Killed Mnoleg
 64500 | Pan      | Identified the +0 battleaxe of Causality {holy, Str+5}
 64541 | Pan      | Got a glowing rune of Zot
 64603 | Pan      | Noticed Suiti the pandemonium lord
 64611 | Pan      | Killed Suiti the pandemonium lord
 64806 | Pan      | Found an exit through the horrors of the Abyss.
 64852 | Pan      | Received a gift from Okawaru
 64929 | Pan      | Noticed Vadeogri the pandemonium lord
 64955 | Pan      | Killed Vadeogri the pandemonium lord
 65198 | Pan      | Identified a scroll of acquirement
 65206 | Pan      | Acquired the Folio of Topology and the Scorpion
 65210 | Pan      | Learned a level 1 spell: Apportation
 65215 | Pan      | Learned a level 4 spell: Cause Fear
 65439 | Pan      | Noticed Raut the pandemonium lord
 65455 | Pan      | Killed Raut the pandemonium lord
 65470 | Pan      | Received a gift from Okawaru
 65492 | Pan      | Identified the +6 lajatang "Haidabbapn" {vamp, +Blink rC+}
 65657 | Pan      | Found an exit through the horrors of the Abyss.
 65714 | Pan      | Noticed Toaremi the pandemonium lord
 65727 | Pan      | Killed Toaremi the pandemonium lord
 65739 | Pan      | Entered the realm of Lom Lobon.
 65873 | Pan      | Noticed Lom Lobon
 65906 | Pan      | Killed Lom Lobon
 65973 | Pan      | Got a magical rune of Zot
 66109 | Pan      | Found an exit through the horrors of the Abyss.
 66119 | Pan      | Took an exit into the Abyss.
 66119 | Abyss:1  | Escaped into the Abyss
 66119 | Abyss:1  | Found a corrupted altar of Lugonu.
 66215 | Abyss:2  | Found a corrupted altar of Lugonu.
 66227 | Abyss:3  | Found a corrupted altar of Lugonu.
 66360 | Abyss:4  | Received a gift from Okawaru
 66553 | Abyss:4  | Found a runed translucent gate.
 66553 | Abyss:4  | Found a runed translucent gate.
 66553 | Abyss:4  | Found a runed translucent gate.
 66764 | Abyss:4  | Got an abyssal rune of Zot
 66886 | Abyss:4  | Received a gift from Okawaru
 66976 | Depths:1 | Escaped the Abyss
 67014 | Hell     | Entered the Vestibule of Hell
 67014 | Hell     | Noticed Geryon
 67023 | Hell     | Killed Geryon
 67102 | Hell     | Received a gift from Okawaru
 67146 | Hell     | Found a gateway to the decaying netherworld of Tartarus.
 67398 | Hell     | Found a gateway to the Iron City of Dis.
 67488 | Hell     | Found a gateway to the ashen valley of Gehenna.
 67593 | Hell     | Found a gateway to the freezing wastes of Cocytus.
 67787 | Tar:1    | Entered Level 1 of Tartarus
 67791 | Tar:1    | Received a gift from Okawaru
 68064 | Arena    | Entered the Arena
 68592 | Tar:6    | Received a gift from Okawaru
 68677 | Tar:7    | Entered Level 7 of Tartarus
 69170 | Tar:7    | Received a gift from Okawaru
 69497 | Tar:7    | Identified the +12 orcbow "Transmigrator" {flame, rPois
                  | rN+}
 69564 | Tar:7    | Received a gift from Okawaru
 69578 | Tar:7    | Noticed the Serpent of Hell
 69590 | Tar:7    | Killed the Serpent of Hell
 69607 | Tar:7    | Noticed Ereshkigal
 69628 | Tar:7    | Killed Ereshkigal
 69654 | Tar:7    | Got a bone rune of Zot
 69656 | Tar:7    | Got Roxanne's Vellum of the Mountains
 69885 | Coc:1    | Entered Level 1 of Cocytus
 69890 | Coc:1    | Received a gift from Okawaru
 70225 | Coc:4    | Noticed a shard shrike
 70234 | Coc:4    | Noticed a shard shrike
 70242 | Coc:4    | Killed a shard shrike
 70254 | Coc:4    | Noticed a shard shrike
 70255 | Coc:4    | Killed a shard shrike
 70265 | Coc:4    | Killed a shard shrike
 70268 | Coc:4    | Noticed a shard shrike
 70271 | Coc:4    | Killed a shard shrike
 70308 | Coc:5    | Noticed a shard shrike
 70309 | Coc:5    | Noticed a shard shrike
 70309 | Coc:5    | Noticed a shard shrike
 70316 | Coc:5    | Received a gift from Okawaru
 70321 | Coc:5    | Killed a shard shrike
 70340 | Coc:5    | Killed a shard shrike
 70344 | Coc:5    | Killed a shard shrike
 70344 | Coc:5    | Noticed a shard shrike
 70347 | Coc:5    | Killed a shard shrike
 70351 | Coc:5    | Noticed a shard shrike
 70356 | Coc:5    | Killed a shard shrike
 70356 | Coc:5    | Noticed a shard shrike
 70357 | Coc:5    | Reached skill level 15 in Alchemy
 70361 | Coc:5    | Killed a shard shrike
 70425 | Coc:6    | Noticed a shard shrike
 70425 | Coc:6    | Noticed a shard shrike
 70425 | Coc:6    | Noticed an ancient lich
 70425 | Coc:6    | Noticed a shard shrike
 70427 | Coc:6    | Noticed a shard shrike
 70428 | Coc:6    | Noticed a shard shrike
 70429 | Coc:6    | Killed a shard shrike
 70430 | Coc:6    | Killed a shard shrike
 70430 | Coc:6    | Received a gift from Okawaru
 70432 | Coc:6    | Killed a shard shrike
 70434 | Coc:6    | Killed a shard shrike
 70439 | Coc:6    | Killed an ancient lich
 70440 | Coc:6    | Reached skill level 15 in Hexes
 70442 | Coc:6    | Killed a shard shrike
 70502 | Coc:7    | Entered Level 7 of Cocytus
 70524 | Coc:7    | Received a gift from Okawaru
 70704 | Coc:7    | Noticed Antaeus
 70745 | Coc:7    | Killed Antaeus
 70869 | Coc:7    | Identified the death talisman of Salvation {MP+9 Stlth+}
 70882 | Coc:7    | Got an icy rune of Zot
 70911 | Coc:7    | Received a gift from Okawaru
 71296 | Vaults:5 | Entered Level 5 of the Vaults
 71409 | Vaults:5 | Received a gift from Okawaru
 71431 | Vaults:5 | Identified the +9 longbow "Riqat" {flame, rC+ Str+3 SInv}
 71433 | Vaults:5 | Noticed an ancient lich
 71441 | Vaults:5 | Killed an ancient lich
 71554 | Vaults:5 | Got a silver rune of Zot
 71563 | Vaults:5 | Identified the +1 robe of the Arcane {rElec Regen+ Str+2}
 71601 | Vaults:5 | Identified the +5 whip of Bururre {flame, *Slow Str+4}
 71706 | Vaults:5 | Identified the staff of Youthful Indiscretion {^Contam
                  | rElec rPois Str+3 Air Alchemy}
 71793 | Vaults:5 | Noticed a dread lich
 71800 | Vaults:5 | Killed a dread lich
 71800 | Vaults:5 | Received a gift from Okawaru
 72403 | Vaults:5 | Identified the +9 spear of Equivalence {protect, Dex+4}
 72407 | Vaults:5 | Received a gift from Okawaru
 72448 | Vaults:5 | Identified the +10 falchion of Keeping Extinguishment
                  | {drain, Int+4}
 72534 | Vaults:5 | Identified the +7 dagger of the Tomato {drain, Dex+3}
 73224 | Geh:1    | Entered Level 1 of Gehenna
 73224 | Geh:1    | Noticed a dread lich
 73227 | Geh:1    | Killed a dread lich
 73302 | Geh:2    | Received a gift from Okawaru
 73817 | Geh:6    | Received a gift from Okawaru
 73954 | Geh:7    | Entered Level 7 of Gehenna
 74111 | Geh:7    | Reached skill level 27 in Invocations
 74323 | Geh:7    | Received a gift from Okawaru
 74330 | Geh:7    | Found the +13 sceptre of Asmodeus
 74330 | Geh:7    | Noticed Asmodeus
 74413 | Geh:7    | Killed Asmodeus
 74495 | Geh:7    | Got an obsidian rune of Zot
 74985 | Tomb:1   | Entered Level 1 of the Tomb of the Ancients
 75385 | Tomb:1   | Noticed a royal mummy
 75392 | Tomb:1   | Killed a royal mummy
 75402 | Tomb:1   | Noticed a royal mummy
 75409 | Tomb:1   | Killed a royal mummy
 75713 | Tomb:1   | You fall into a shaft and drop 1 floor!
 75713 | Tomb:2   | Noticed a royal mummy
 75726 | Tomb:2   | Killed a royal mummy
 75726 | Tomb:2   | Received a gift from Okawaru
 75733 | Tomb:2   | Noticed a royal mummy
 75741 | Tomb:2   | Killed a royal mummy
 75749 | Tomb:2   | Noticed a royal mummy
 75751 | Tomb:2   | Noticed a royal mummy
 75761 | Tomb:2   | Killed a royal mummy
 75764 | Tomb:2   | Killed a royal mummy
 75814 | Tomb:2   | Noticed a royal mummy
 75826 | Tomb:2   | Killed a royal mummy
 76043 | Tomb:1   | Noticed a royal mummy
 76043 | Tomb:1   | Noticed a royal mummy
 76057 | Tomb:1   | Killed a royal mummy
 76064 | Tomb:1   | Killed a royal mummy
 76064 | Tomb:1   | Received a gift from Okawaru
 76094 | Tomb:1   | Noticed a royal mummy
 76098 | Tomb:1   | Noticed a royal mummy
 76102 | Tomb:1   | Killed a royal mummy
 76108 | Tomb:1   | Killed a royal mummy
 76114 | Tomb:1   | Noticed a royal mummy
 76124 | Tomb:1   | Noticed a royal mummy
 76125 | Tomb:1   | Killed a royal mummy
 76137 | Tomb:1   | Killed a royal mummy
 76138 | Tomb:1   | Reached skill level 27 in Shields
 76197 | Tomb:1   | Noticed a royal mummy
 76198 | Tomb:1   | Noticed a royal mummy
 76211 | Tomb:1   | Killed a royal mummy
 76211 | Tomb:1   | Noticed a royal mummy
 76215 | Tomb:1   | Killed a royal mummy
 76225 | Tomb:1   | Killed a royal mummy
 76257 | Tomb:1   | Noticed a royal mummy
 76268 | Tomb:1   | Killed a royal mummy
 76296 | Tomb:1   | Noticed a royal mummy
 76307 | Tomb:1   | Killed a royal mummy
 76307 | Tomb:1   | Received a gift from Okawaru
 76307 | Tomb:1   | Noticed a royal mummy
 76315 | Tomb:1   | Killed a royal mummy
 76348 | Tomb:1   | Noticed a royal mummy
 76360 | Tomb:1   | Killed a royal mummy
 76414 | Tomb:2   | Reached skill level 27 in Fighting
 76530 | Tomb:3   | Entered Level 3 of the Tomb of the Ancients
 76541 | Tomb:3   | Received a gift from Okawaru
 76542 | Tomb:3   | Reached skill level 27 in Ranged Weapons
 76544 | Tomb:3   | Noticed a royal mummy
 76544 | Tomb:3   | Noticed a royal mummy
 76550 | Tomb:3   | Reached skill level 27 in Dodging
 76550 | Tomb:3   | Killed a royal mummy
 76554 | Tomb:3   | Reached skill level 15 in Evocations
 76702 | Tomb:2   | You fall into a shaft and drop 1 floor!
 76704 | Tomb:3   | Received a gift from Okawaru
 76712 | Tomb:3   | Noticed a royal mummy
 76720 | Tomb:3   | Killed a royal mummy
 76768 | Tomb:3   | Killed a royal mummy
 76776 | Tomb:3   | Noticed a royal mummy
 76777 | Tomb:3   | Noticed a royal mummy
 76784 | Tomb:3   | Killed a royal mummy
 76784 | Tomb:3   | Noticed Khufu
 76785 | Tomb:3   | Killed a royal mummy
 76786 | Tomb:3   | Noticed a royal mummy
 76798 | Tomb:3   | Killed Khufu
 76798 | Tomb:3   | Received a gift from Okawaru
 76799 | Tomb:3   | Killed a royal mummy
 76814 | Tomb:3   | Noticed a royal mummy
 76827 | Tomb:3   | Killed a royal mummy
 76909 | Tomb:3   | Noticed a royal mummy
 76925 | Tomb:3   | Killed a royal mummy
 76935 | Tomb:3   | Identified the +4 robe of Sunlight {rCorr Str-4 Int+7}
 76935 | Tomb:3   | Noticed Boris
 76945 | Tomb:3   | Killed Boris
 77175 | Tomb:3   | Identified the ring of Ommul {Fly SInv}
 77180 | Tomb:3   | Identified the ring "Poenuot" {rPois rF+ Int+6}
 77201 | Tomb:3   | Identified the +7 quick blade of Disharmony {flame, rElec
                  | rN+ MP+9 Dex-4}
 77250 | Tomb:3   | Identified the staff of Deala {Str+2 Int+3 Dex+2 Conj}
 77253 | Tomb:3   | Identified the +7 arbalest "Hutorim" {freeze, Int+3 Dex+6}
 77407 | Tomb:3   | Got a golden rune of Zot
 77580 | Tomb:1   | Noticed a royal mummy
 77585 | Tomb:1   | Killed a royal mummy
 78031 | Dis:1    | Entered Level 1 of the Iron City of Dis
 78136 | Dis:2    | Received a gift from Okawaru
 78171 | Dis:2    | Reached skill level 1 in Armour
 78186 | Dis:2    | Found a burning altar of Makhleb.
 78605 | Dis:3    | Reached skill level 5 in Armour
 78866 | Dis:6    | Received a gift from Okawaru
 78921 | Dis:7    | Entered Level 7 of the Iron City of Dis
 79055 | Dis:7    | Noticed a juggernaut
 79065 | Dis:7    | Killed a juggernaut
 79172 | Dis:7    | Received a gift from Okawaru
 79208 | Dis:7    | Noticed a juggernaut
 79215 | Dis:7    | Killed a juggernaut
 79273 | Dis:7    | Reached skill level 10 in Armour
 79368 | Dis:7    | Noticed a juggernaut
 79390 | Dis:7    | Killed a juggernaut
 79472 | Dis:7    | Noticed Dispater
 79577 | Dis:7    | Killed Dispater
 79592 | Dis:7    | Identified the +0 leather armour of Unbearable Creativity
                  | {Str+3 Int+3 Stlth+}
 79596 | Dis:7    | Got an iron rune of Zot
 80621 | Zot:5    | Got the Orb of Zot
 80918 | D:14     | Noticed Teh Ziymp the pandemonium lord
 80934 | D:14     | Killed Teh Ziymp the pandemonium lord
 81001 | D:10     | Noticed Rymyfeis the pandemonium lord
 81027 | D:10     | Killed Rymyfeis the pandemonium lord
 81244 | D:2      | Noticed Himnole the pandemonium lord
 81254 | D:2      | Killed Himnole the pandemonium lord
 81315 | D:1      | Received a gift from Okawaru
 81336 | D:$      | Escaped with the Orb!

Illustrated notes

Levels and vault maps discovered:
D:1:      dpeg_arrival_stonehenge_12_columns, layout_loops_ring,
          serial_bayou_pond_c, minmay_tiny_reverse_x
D:2:      layout_loops_corners, basic_altar, serial_shops, shop,
          minmay_split_cup_large, uniq_crazy_yiuf_cottage
D:3:      layout_loops_corners, mainiacjoe_overflow_tiny_flanked,
          minmay_misc_feat_doors
D:4:      layout_gridville, mainiacjoe_overflow_24_doors, serial_shops,
          nicolae_square_shop
D:5:      layout_loops_corners, minivault_11, palyth_stone_intersect,
          lightli_minifort
D:6:      layout_gridville, dilly_guarded_unrand_throatcut
D:7:      layout_loops_corners, temple_fountains, minmay_misc_feat_iff
D:8:      layout_gridville
D:9:      layout_cave_pools, nicolae_vehumet_radiance, serial_bayou_lagoon_a,
          grunt_ministairs_9, minivault_5
D:10:     hangedman_cross_cluster, layout_irregular_city,
          grunt_temple_overflow_cloverleaf, lemuel_flamethrower_1
D:11:     layout_basic, david_lair_generic, erik_orc_3,
          nicolae_dithmenos_the_darkroom
D:12:     layout_rooms, minmay_misc_feat_cross, uniq_sonja
D:13:     layout_basic, ebering_ghost_gozag
D:14:     layout_basic, hellmonk_vaults_keyhole,
          nicolae_shop_i_like_small_books_too
D:15:     gammafunk_enter_depths_forms, layout_loops_ring,
          nicolae_uskayaw_suspiria, elyvilon_altar_1, uniq_jorgrun
Temple:   regret_index_temple_generic_petals
Lair:1:   layout_gridlike, nicolae_volcano_entry_hallway, serial_bayou,
          serial_bayou_pond_b, serial_bayou_pond_a, serial_bayou_pond_e,
          serial_bayou_lake_a, uniq_jeremiah
Lair:2:   layout_loops_ring, grunt_megastairs_2
Lair:3:   layout_roguey, elwin_shoals_entry_rocks,
          minmay_snake_entry_guardpost_medium, ebering_ghost_inner_flame,
          grunt_forest_stairs_clearing, serial_bayou_shore_a, lemuel_fruit_tree
Lair:4:   layout_hall_layers, slime_entry_1, lookout_lair_type
Lair:5:   minmay_lair_end_frog_pond, layout_layer_cave
Shoals:1: layout_shoals, serial_shops, nicolae_shop_statue_plus,
          nicolae_shoals_water_booths, uniq_louise, uniq_nikola
Shoals:2: layout_shoals, nicolae_shoals_undead_eyrie
Shoals:3: layout_shoals, uniq_ilsuiw
Shoals:4: shoals_end_hellmonk_holy_island
Snake:1:  layout_basic, uniq_aizul, uniq_asterion
Snake:2:  layout_basic, ebering_ghost_xom, uniq_roxanne
Snake:3:  layout_basic, uniq_donald, uniq_azrael
Snake:4:  hellmonk_snake_rune_quicksilver_temple, layout_grid_maze,
          minmay_shop_star
Slime:1:  layout_caves
Slime:2:  layout_caves, nicolae_slime_crime_time
Slime:3:  layout_caves, nicolae_slime_phagocytosis
Slime:4:  layout_caves
Slime:5:  slime_pit
Orc:1:    layout_caves, special_room [special_room_bee], uniq_maurice
Orc:2:    st_orc_ogre_mass, layout_diamond_mine
Elf:1:    nicolae_elf_arrival_fired_up, layout_loops_cross, serial_shops, shop,
          minmay_elf_necromancy
Elf:2:    nicolae_elf_blades_splatter_lattice [infiniplex_blade_entry_pillars],
          layout_loops_cross, minmay_crystal_room
Elf:3:    elf_hall, layout_geoelf_diagonals, serial_shops, shop, shop,
          basic_altar, gammafunk_ghost_door_vault, uniq_norris
Vaults:1: nicolae_vaults_offset_grid_hallway_3, v_misc_15,
          nicolae_vaults_taking_the_gang_shopping,
          nicolae_vaults_crenellated_ambush, nicolae_vaults_layer_cake_slice,
          hangedman_vaults_trim, nicolae_vaults_double_plus_2,
          hangedman_vaults_impose, layout_vaults_omnigrid, serial_shops, shop
Vaults:2: portal_desolation_entry_nicolae_nacl, nicolae_vaults_little_squares_1,
          ontoclasm_vaults_loading_screen, nicolae_vaults_two_Ls,
          hangedman_vaults_trim, nicolae_vaults_an_arrangement,
          nicolae_vaults_closet_pinwheel_1, nicolae_vaults_closet_pinwheel_5,
          grunt_vaults_trifunnel, nicolae_vaults_trapezoid_1,
          nicolae_vaults_three_branches, v_alt_pattern_4, lightli_orcish_oven,
          layout_vaults_omnibox, serial_shops, nicolae_shop_tiny_glass
Vaults:3: minmay_crypt_entry_simple_round, v_alt_pattern_5,
          nicolae_vaults_puzzle_piece, nicolae_vaults_offset_grid_hallway_1,
          dpeg_vaults_monster_row, v_misc_13, nicolae_vaults_what_the_h,
          vaults_room_semicircle, nicolae_vaults_yaktaur_gun_rack, v_misc_11,
          nicolae_vaults_tetromino_L_2, layout_vaults_chaotic_city,
          serial_shops, shop, nicolae_trove_entry_path_of_doom
Vaults:4: v_pattern_2, vaults_dpeg_spiral, nicolae_vaults_trapezoid_lopsided_1,
          nicolae_vaults_little_squares_1, v_misc_4, ontoclasm_vaults_gateway,
          nicolae_vaults_storage_closets_2, nicolae_vaults_network_periphery,
          nicolae_vaults_sesquioval_fish, nicolae_vaults_angled_halls, v_misc_2,
          ontoclasm_vaults_loading_screen, nicolae_vaults_tetromino_L_1,
          layout_vaults_omnicross
Vaults:5
Crypt:1:  layout_catacombs, uniq_josephina
Crypt:2:  layout_rooms, basic_altar
Crypt:3:  church_of_pain_bobbens, layout_chaotic_city, tomb_entry_shell_bobbens,
          uniq_xtahua
Tomb:1
Tomb:2
Tomb:3
Depths:1: hangedman_arch_fort, layout_basic, rand_demon_pan_entry_7,
          hangedman_geh_valley, chequers_big_river, kennysheep_generic_room_2
Depths:2: lemuel_traditional_vault, layout_gridlike, rand_demon_pan_entry_1,
          pf_coc_iceberg, kennysheep_boxes, abyss_entry, serial_shops,
          nicolae_lakefront_shop, shop, shop, nicolae_shop_rolled_up, shop,
          tso_altar, uniq_boris
Depths:3: minmay_shoctagon, layout_gridlike, enter_ziggurat_c,
          abyss_entry_glasseish, hell_entry, nicolae_ru_awakened_eye,
          infiniplex_staircase_pool_2, serial_bayou_shore_b
Depths:4: grunt_zot_entry_funnels, layout_small_grid, abyss_entry_flame_altar,
          hell_entry, uniq_parghit
Hell
Dis:1:    layout_jigsaw
Dis:2:    kennysheep_iron_temple, layout_overlapping_boxes
Dis:3:    layout_subdivisions
Dis:4:    layout_subdivisions
Dis:5:    layout_gridville, nicolae_dis_strange_trophy_room
Dis:6:    nicolae_dis_metal_hellway, layout_gridville, nicolae_dis_fourth_circle
Dis:7:    dis_grunt_layers
Geh:1:    layout_gehenna_pools_triple
Geh:2:    layout_gehenna_pools_triple
Geh:3:    layout_gehenna_pools_triple
Geh:4:    layout_gehenna_lava_caves
Geh:5:    layout_gehenna_pools_box
Geh:6:    nicolae_geh_erupted_tower, layout_gehenna_pools_box,
          lemuel_flamethrower_3
Geh:7:    geh_grunt
Coc:1:    layout_ice_bergs
Coc:2:    layout_ice_bergs, serial_ice, serial_ice_g, serial_ice_e, serial_ice_n
Coc:3:    layout_cocytus_water_paths
Coc:4:    layout_cocytus_water_paths
Coc:5:    layout_cocytus_water_paths
Coc:6:    layout_cocytus_water_paths
Coc:7:    coc_mu
Tar:1:    layout_honeycomb
Tar:2:    layout_cathedral_of_symmetry, nicolae_hells_hurtin_island
Tar:3:    layout_grid_maze, nicolae_tar_cuneiform_sun
Tar:4:    layout_catacombs
Tar:5:    layout_grid_maze
Tar:6:    layout_catacombs, nicolae_tar_cuneiform_three
Tar:7:    tar_minmay_river
Zot:1:    layout_concentric_octagons, gammafunk_ghost_crypt,
          regret_index_zotdec_stipple_waver
Zot:2:    layout_misc_corridors
Zot:3:    lemuel_firehouse, layout_onion_interference, skrybe_zot_glass_2,
          grunt_ministairs_15
Zot:4:    gammafunk_mikee_crab_dinner, layout_gridlike,
          regret_index_zotdec_storm_pass, gammafunk_ghost_tricky_traps,
          st_stairs_13, regret_index_zotdec_iron_s, zot_minivault_1, uniq_tiamat
Zot:5:    layout_gridlike

Skill      XL: |  1  2  3  4  5  6  7  8  9 10 11 12 13 14 15 16 17 18 19 20 21 22 23 24 25 26 27 |
---------------+----------------------------------------------------------------------------------+-----
Fighting       | 2 3 4 5 7 9 10 11 13 15 16 17 18 20 27 | 27.0
Ranged Weapons | 3 4 5 6 8 10 11 13 14 16 19 20 27 | 27.0
Evocations     | 2 4 5 8 10 12 13 22 | 22.0
Shields        | 5 9 14 16 18 20 27 | 27.0
Invocations    | 6 9 10 12 14 15 27 | 27.0
Dodging        | 4 7 10 11 12 14 15 17 27 | 27.0
Shapeshifting  | 9 15 19 22 23 | 23.0
Alchemy        | 15 | 15.0
Hexes          | 15 | 15.0
Armour         | 12 | 12.7
Spellcasting   | |  1.1
Fire Magic     | |  1.0

Action                     |  1- 3 |  4- 6 |  7- 9 | 10-12 | 13-15 | 16-18 | 19-21 | 22-24 | 25-27 || total
---------------------------+-------+-------+-------+-------+-------+-------+-------+-------+-------++-------
  Melee: Sling             |       |     1 |       |       |       |       |       |       |       ||     1
         Longbow           |       |       |       |       |     1 |       |       |       |       ||     1
   Fire: Sling             |    89 |   126 |   386 |       |       |       |       |       |       ||   601
         Shortbow          |       |       |   160 |   812 |       |       |       |       |       ||   972
         Orcbow            |       |       |       |    95 |   877 |       |       |       |       ||   972
         Longbow           |       |       |       |       |   161 |   627 |   826 |   986 |  6870 ||  9470
  Throw: Dart              |       |       |     2 |    20 |     9 |       |       |       |       ||    31
         Throwing net      |       |       |       |     1 |       |       |       |       |       ||     1
   Cast: Yara's Violent Un |       |       |       |       |       |       |       |       |     1 ||     1
 Invoke: Divine Shield     |       |       |       |     3 |       |       |       |       |       ||     3
         Heroism           |       |       |       |     5 |     5 |     7 |     2 |     1 |    12 ||    32
         Finesse           |       |       |       |       |     2 |     8 |     7 |     6 |    59 ||    82
         Receive Weapon    |       |       |       |       |     1 |       |       |       |       ||     1
         Receive Armour    |       |       |       |       |     1 |       |       |       |       ||     1
         Duel              |       |       |       |       |       |       |       |       |     2 ||     2
Ability: Shaft Self        |       |       |       |     2 |       |       |       |       |     2 ||     4
         Dig               |       |       |       |     1 |     2 |     1 |       |     1 |    18 ||    23
  Evoke: Wand              |       |     8 |    15 |    26 |     5 |       |       |       |     2 ||    56
         Lightning rod     |       |       |       |     6 |     4 |       |       |       |       ||    10
         Gell's gravitambo |       |       |       |       |     4 |       |       |       |    10 ||    14
    Use: Potion            |       |     2 |       |     1 |       |     2 |       |       |     5 ||    10
         Scroll            |       |       |       |     9 |     8 |     7 |     6 |     4 |    23 ||    57
 Armour: Robe              |    44 |    64 |   189 |   219 |       |       |       |       |       ||   516
         Troll leather arm |       |       |       |    71 |       |       |       |       |       ||    71
         Ring mail         |       |       |       |   103 |   413 |   113 |   101 |    69 |   470 ||  1269
  Dodge: Dodged            |    25 |    50 |   171 |   293 |   248 |   141 |   171 |   135 |   874 ||  2108
  Block: Buckler           |       |       |    50 |   193 |   167 |    28 |       |       |       ||   438
         Kite shield       |       |       |       |       |       |   200 |   140 |       |       ||   340
         Tower shield      |       |       |       |       |       |       |   299 |   453 |  2992 ||  3744
   Form: Death             |       |       |       |       |       |       |       |       |     3 ||     3
                           |       |       |       |       |       |       |       |       |     1 ||     1

Table legend: (Time is in decaauts)
 A = Elapsed time spent in this place.
 B = Non-inter-level travel time spent in this place.
 C = Inter-level travel time spent in this place.
 D = Time resting spent in this place.
 E = Time spent auto-exploring this place.
 F = Levels seen in this place.
 G = Mean time per level.
                   A        B        C        D        E       F      G
               +--------+--------+--------+--------+--------+-----+--------+
         Total |  80050 |  70656 |   9394 |   9881 |  38456 | 119 |  672.7 |
       Dungeon |  23364 |  19805 |   3559 |   4980 |  10571 |  15 | 1557.6 |
        Temple |     30 |      2 |     28 |      0 |      0 |   1 |   30.0 |
          Lair |   6909 |   6165 |    744 |   1301 |   3301 |   5 | 1381.8 |
        Shoals |   2740 |   2614 |    126 |      4 |   1816 |   4 |  685.0 |
     Snake Pit |   3357 |   3006 |    351 |     57 |   2109 |   4 |  839.2 |
    Slime Pits |   1421 |   1314 |    107 |    320 |    469 |   5 |  284.2 |
  Orcish Mines |   1116 |    980 |    136 |     55 |    587 |   2 |  558.0 |
   Elven Halls |   2964 |   2806 |    158 |    121 |   1865 |   3 |  988.0 |
        Vaults |   8101 |   6653 |   1448 |    331 |   4303 |   5 | 1620.2 |
         Crypt |   3058 |   2740 |    318 |      8 |   1873 |   3 | 1019.3 |
          Tomb |   2396 |   2188 |    208 |    159 |   1061 |   3 |  798.7 |
        Depths |   5462 |   4556 |    906 |     35 |   3369 |   4 | 1365.5 |
          Hell |    855 |    667 |    188 |      5 |    429 |   1 |  855.0 |
           Dis |   1306 |   1208 |     98 |    376 |     36 |   7 |  186.6 |
       Gehenna |   1247 |   1110 |    137 |    285 |    358 |   7 |  178.1 |
       Cocytus |    894 |    850 |     44 |     81 |    157 |   7 |  127.7 |
      Tartarus |   1895 |   1737 |    158 |    285 |    653 |   7 |  270.7 |
           Zot |   5386 |   4711 |    675 |    465 |   2707 |   5 | 1077.2 |
         Abyss |    799 |    799 |      0 |      0 |    121 |   4 |  199.8 |
   Pandemonium |   4528 |   4528 |      0 |    321 |   2050 |  22 |  205.8 |
         Trove |     41 |     41 |      0 |      0 |      0 |   1 |   41.0 |
       Volcano |   1161 |   1161 |      0 |    631 |    180 |   1 | 1161.0 |
    Desolation |    966 |    966 |      0 |     33 |    438 |   1 |  966.0 |
         Arena |     42 |     42 |      0 |     24 |      0 |   2 |   21.0 |
               +--------+--------+--------+--------+--------+-----+--------+

Top non-repeatable levels by time:
     D:6: 2389 daAuts
     D:5: 2307 daAuts
     D:7: 2227 daAuts
    D:10: 2027 daAuts
Vaults:1: 2004 daAuts
     D:9: 1934 daAuts
Depths:1: 1877 daAuts
    D:11: 1825 daAuts
Vaults:3: 1707 daAuts
  Lair:3: 1634 daAuts
    D:15: 1533 daAuts
    D:14: 1513 daAuts
Vaults:2: 1490 daAuts
  Lair:1: 1489 daAuts
   Zot:4: 1476 daAuts
